 Dungeon Crawl Stone Soup version 0.30-a0-782-ge64f9170bb (webtiles) character file.

Game seed: 133793421141712177

66 Dirtsage the Slasher (level 4, -1/23 HPs)
             Began as a Vine Stalker Gladiator on Feb 23, 2023.
             Slain by an ice beast (4 damage)
             ... on level 4 of the Dungeon.
             The game lasted 00:04:13 (2427 turns).

Dirtsage the Slasher (Vine Stalker Gladiator)       Turns: 2427, Time: 00:04:14

Health: -1/23      AC:  4    Str: 16    XL:     4   Next: 15%
Magic:  0/5        EV: 12    Int:  8    God:
Gold:   107        SH:  0    Dex: 18    Spells: 3/3 levels left

rFire   . . .      SeeInvis .    o - +1 falchion (holy)
rCold   + . .      Faith    .    (no shield)
rNeg    . . .      Spirit   +    b - +0 leather armour
rPois   .          Reflect  .    c - +0 helmet
rElec   .          Harm     .    (no cloak)
rCorr   .          Rampage  .    (no gloves)
Will    .....                    (no boots)
Stlth   +                        (no amulet)
HPRegen 1.03/turn                I - ring of protection from cold
MPRegen 0.09/turn                (no ring)

@: no status effects
A: fangs 2, regeneration 1, magic shield, antimagic bite, no potion heal 2
a: no special abilities


You were on level 4 of the Dungeon.
You visited 1 branch of the dungeon, and saw 4 of its levels.

You collected 107 gold pieces.

Inventory:

Hand Weapons
 a - a +0 long sword
 o - a +1 falchion of holy wrath (weapon)
Missiles
 d - 3 throwing nets (quivered)
 e - a javelin
Armour
 b - a +0 leather armour (worn)
 c - a +0 helmet (worn)
Jewellery
 I - a ring of protection from cold (left hand)
Wands
 m - a wand of paralysis (4)
Scrolls
 f - 4 scrolls of identify {unknown}
 k - 2 scrolls of poison {unknown}
Potions
 g - a potion of invisibility {unknown}
 h - 2 potions of curing {unknown}
 i - a potion of lignification {unknown}
 j - a potion of mutation {unknown}
 l - a potion of resistance {unknown}
 n - a potion of might {unknown}
 p - a potion of haste {unknown}


   Skills:
 - Level 1.7 Fighting
 + Level 4.4 Long Blades
 - Level 1.7 Throwing
 - Level 2.4 Dodging


You had 3 spell levels left.
You didn't know any spells.
Your spell library contained the following spells:

 Spells                   Type           Power      Damage    Failure   Level
 Lesser Beckoning         Tloc           0%         N/A       63%         2
 Gell's Gravitas          Tloc           0%         N/A       85%         3
 Teleport Other           Tloc           0%         N/A       85%         3


Dungeon Overview and Level Annotations

Branches:
Dungeon (4/15)
 Temple: D:4-7

Altars:
Nemelex Xobeh


Innate Abilities, Weirdness & Mutations

You have extremely sharp teeth.
Your natural rate of healing is unusually fast.
When hurt, damage is shared between your health and your magic reserves.
Your bite disrupts and absorbs the magic of your enemies.
Potions cannot restore your health.


Message History

The ice beast is heavily wounded.
The ice beast barely misses you.
You barely miss the ice beast.
The ice beast is heavily wounded.
The ice beast barely misses you.
You barely miss the ice beast.
The ice beast is heavily wounded.
The ice beast barely misses you.
You hit the ice beast but do no damage.
You bite the ice beast, but do no damage.
The ice beast is heavily wounded.
The ice beast hits you. The ice beast freezes you. You resist.
You take 6 damage, and have 14/23 hp.
MASSIVE DAMAGE!!
You now have 3/5 mp.
You completely miss the ice beast. Your bite misses the ice beast.
The ice beast is heavily wounded.
The ice beast hits you. The ice beast freezes you. You resist.
You take 4 damage, and have 10/23 hp.
You now have 1/5 mp.
You hit the ice beast. Your bite misses the ice beast.
The ice beast is severely wounded.
The ice beast hits you but does no damage.
You barely miss the ice beast.
The ice beast is severely wounded.
The ice beast closely misses you.
You regained 2 hp, and now have 13/23 hp.
You barely miss the ice beast.
The ice beast is severely wounded.
The ice beast barely misses you.
You completely miss the ice beast. Your bite misses the ice beast.
The ice beast is severely wounded.
The ice beast hits you. The ice beast freezes you. You resist.
You take 4 damage, and have 10/23 hp.
You hit the ice beast.
You bite the ice beast, but do no damage.
The ice beast is severely wounded.
The ice beast hits you. The ice beast freezes you. You resist.
* * * LOW HITPOINT WARNING * * *
The ice beast hits you.
* * * LOW HITPOINT WARNING * * *
The ice beast freezes you. You resist.
You die...

# +. #+## #..
#..# .... #..#
..... #..#####
......#<.....#
......Y@.....#
......##+##..#
.#+## .#


You could see an ice beast.

Vanquished Creatures
  A worm (D:2)
  2 dart slugs
  2 orcs
  5 endoplasms
  2 giant cockroaches
  4 goblins
  3 hobgoblins (D:2)
  3 jackals (D:1)
  2 quokkas
  9 ball pythons
  6 bats
  2 frilled lizards (D:3)
  2 kobolds
  8 rats
51 creatures vanquished.

Vanquished Creatures (others)
  4 toadstools (D:1)
4 creatures vanquished.

Grand Total: 55 creatures vanquished

Notes
Turn   | Place    | Note
-------+----------+-------------------------------------------
     0 | D:1      | Dirtsage the Vine Stalker Gladiator began the quest for the
                  | Orb.
     0 | D:1      | Reached XP level 1. HP: 11/11 MP: 2/2
    88 | D:1      | Reached skill level 3 in Long Blades
    93 | D:1      | Reached XP level 2. HP: 14/15 MP: 3/3
   835 | D:2      | Reached XP level 3. HP: 18/18 MP: 4/4
  1040 | D:2      | Reached skill level 4 in Long Blades
  1687 | D:3      | Found a sparkling altar of Nemelex Xobeh.
  1978 | D:3      | Gained mutation: Your natural rate of healing is unusually
                  | fast. [Vine Stalker growth]
  1978 | D:3      | Reached XP level 4. HP: 23/23 MP: 5/5
  2416 | D:4      | Noticed an ice beast
  2427 | D:4      | Slain by an ice beast

Illustrated notes

Levels and vault maps discovered:
D:1:      ldierk_walled_garden_2, layout_basic, serial_rivers,
          chequers_serial_rivers_small_3, chequers_serial_rivers_large_b,
          chequers_serial_rivers_micro_d, chequers_serial_rivers_micro_e,
          chequers_serial_rivers_small_b
D:2:      layout_rooms, minmay_unequal
D:3:      layout_loops_corners, lemuel_round_altar,
          minmay_misc_feat_secret_circle
D:4:      lemuel_castle_with_subvaults [lemuel_castle_interior_carwin_1],
          layout_gridville, chequers_avenue, uniq_ijyb

Skill      XL: |  1  2  3 |
---------------+----------+-----
Long Blades    | 3 4 |  4.4
Fighting       | |  1.7
Throwing       | |  1.7
Dodging        | |  2.4

Action                     |  1- 3 |  4- 6 || total
---------------------------+-------+-------++-------
  Melee: Long sword        |    90 |     9 ||    99
         Bite              |    27 |     5 ||    32
         Falchion          |       |    17 ||    17
    Use: Potion            |     1 |       ||     1
   Stab: Sleeping          |     1 |     1 ||     2
 Armour: Leather armour    |    33 |     8 ||    41
  Dodge: Dodged            |    74 |    18 ||    92

Table legend: (Time is in decaauts)
 A = Elapsed time spent in this place.
 B = Non-inter-level travel time spent in this place.
 C = Inter-level travel time spent in this place.
 D = Time resting spent in this place.
 E = Time spent auto-exploring this place.
 F = Levels seen in this place.
 G = Mean time per level.
                   A        B        C        D        E       F      G
               +--------+--------+--------+--------+--------+-----+--------+
         Total |   2491 |   2425 |     66 |     33 |   2057 |   4 |  622.8 |
       Dungeon |   2491 |   2425 |     66 |     33 |   2057 |   4 |  622.8 |
               +--------+--------+--------+--------+--------+-----+--------+

Top non-repeatable levels by time:
     D:3: 903 daAuts
     D:1: 853 daAuts
     D:2: 721 daAuts
     D:4: 13 daAuts
